woodfighter, lawful female dwarven Priestess ---------------- ------ .............. .... ........!... ...--- ......... !.... ----- .......- -....- ... ...... ---- ---- .... -...- --...---..----..---..--- --- ... ---|........--..--........| ..--...- -- |..--....................- | -- --....... --. --.......................| |`................................`.............)).................`| | -- -- .... -- --.......................| --...-- |. --..)........)........-- |.....|--- |--|..).....--..--........| --...--.<|--|..--...---..|--|..---..---- -.........--..--........|--- |--|.......| .... -----.%............--- ---|..---....-| ...... |..........%.........--..--.........| ....?... ----....A....Q............O%)....)--| ....!..... |.*.....[................fd.)......| ----------- ------------------------------------ woodfighter the Adept Experience level: 9 Strength: 18/01 Dexterity: 15 Constitution: 16 Intelligence: 17 Wisdom: 8 Charisma: 10 Health: 0(82) Energy: 46(49) Def: 11 Gold: 0 Moves: 17959 Dungeon seed: Xrfvl7h5xVWJEa4X Game ID: woodfighter_1554036888 Your Inventory: Weapons a - a blessed corroded +5 mace named Mace of Omen (weapon in hand) J - 3 blessed +1 elven spears (in quiver) Armor e - a rotted +0 robe (being worn) n - a +0 small shield (being worn) E - a blessed +3 mummy wrapping N - a +0 orcish helm (being worn) S - a +0 elven mithril-coat (being worn) Comestibles d - 2 sprigs of wolfsbane j - 3 food rations k - 2 cream pies l - 2 tripe rations u - a tin of rock piercer meat A - 2 tins of orc meat Rings W - a ring of invisibility (on left hand) Tools i - a +0 pick-axe s - a sack w - a magic whistle y - a skeleton key V - an oil lamp (0:1462) Gems z - a luckstone Contents of the sack: a cursed potion of sickness Spells and supernatural/magical abilities: Name Level Category Fail Memory h - healing 1 healing 52% 11% n - detect monsters 1 divination 69% 11% W - pray for help -- divine ? -- X - turn undead -- divine ? -- Your skills at the end: Miscellaneous Skills shield [Skilled] wands [Basic] Weapon Skills pick-axe [Basic] mace [Expert] spear [Basic] Spellcasting Skills clerical spells [Basic] Final Attributes: You were piously aligned. You were cold resistant. You were poison resistant. You were telepathic. You had infravision. You were invisible. You were stealthy. You were protected. You were fast. You were wielding two weapons at once. You were lucky. You had extra luck. Bad luck did not time out for you. Good luck did not time out for you. You are dead. Vanquished creatures: 5 ghosts 2 giant mimics a large mimic an air elemental a black naga a warg a quantum mechanic 3 small mimics an ettin mummy 3 trolls a freezing sphere a flaming sphere a tiger a gargoyle 2 gelatinous cubes an ochre jelly a mountain centaur 2 human mummies 7 wraiths a giant beetle 6 wolves 9 leprechauns a quivering blob a mountain nymph an orc-captain a giant spider a scorpion a horse a vampire bat 2 forest centaurs 3 orc mummies a dwarf mummy a brown pudding 2 owlbears a piranha 2 dogs a dingo 4 housecats 5 jaguars 4 blue jellies 2 water nymphs a dust vortex 3 plains centaurs 6 Woodland-elves a snake 3 apes 2 human zombies a fire ant 10 bugbears 5 wood nymphs 3 rock piercers 4 ponies 2 fog clouds a shrieker 2 violet fungi 2 gnomish wizards a golden naga hatchling a guardian naga hatchling a gray ooze 3 elf zombies a ghoul a paper golem 8 giant ants 2 floating eyes 3 kittens 2 dwarves 2 homunculi a kobold lord a kobold shaman 5 iguanas 2 hill orcs 10 rothes a rabid rat 3 centipedes 2 jitterbugs 2 giant bats 7 monkeys 5 orc zombies 4 dwarf zombies 2 werejackals 9 coyotes 2 gas spores 6 hobbits 6 acid blobs a large kobold 15 geckos 7 hobgoblins 3 giant rats 8 cave spiders 5 yellow molds 2 green molds 6 red molds 8 gnomes a garter snake 22 manes 4 gnome zombies 10 jackals 4 foxes 2 kobolds 10 newts 7 goblins 8 sewer rats 22 grid bugs 7 bats 4 lichens 7 kobold zombies 389 creatures vanquished. Voluntary challenges: You did not cause conflict. You did not have reflection. You were not displaced. You had been an atheist until turn 2144. You used a wielded weapon 480 times, starting on turn 65. You did not apply a unicorn horn. You did not use plumbed fixtures. You did not drink any magical draughts. You read items or engraved 5 times, starting on turn 2003. You never genocided any monsters. You never polymorphed an object. You never changed form. You completed Sokoban on turn 6876, according to the rules. You used no wishes. You never split a pudding. You never wrote Elbereth's name. You violated your moral code, losing 6 points of alignment, starting on turn 10684. Dungeon overview: The Dungeons of Doom: levels 1 to 15 Level 1 a long staircase Level 2 a potion shop, a sink stairs to The Gnomish Mines Level 3 (eye) a potion shop Level 4 (water) a scroll shop Level 5 a weapon shop Level 6 a fountain Level 7 many fountains Level 8 some fountains stairs to Sokoban Level 9 Level 10 (water) a hardware shop, a fountain Level 11 a fountain Level 12 Level 13 a fountain Level 14 (throne + quest) some fountains, a throne Level 15 (big room) <- You were here The Gnomish Mines: levels 3 to 10 Level 3 stairs to The Dungeons of Doom Level 4 Level 5 Level 6 many shops, a temple to Thoth, a magic chest, some fountains, a sink Level 7 Level 8 Level 9 Level 10 a magic chest, a fountain Sokoban: levels 4 to 7 Level 4 a magic chest Level 5 Level 6 Level 7 a magic chest stairs to The Dungeons of Doom History has recorded: On T:1 you entered the Dungeons of Doom to retrieve the Amulet of Yendor! On T:184 you reached level 2 of The Dungeons of Doom. On T:373 you reached level 1 of The Gnomish Mines. On T:455 you advanced to experience level 2. On T:558 you reached level 3 of The Dungeons of Doom. On T:832 you advanced to experience level 3. On T:926 you reached level 4 of The Dungeons of Doom. On T:1357 you reached level 5 of The Dungeons of Doom. On T:1761 you advanced to experience level 4. On T:2144 you prayed to Ptah. On T:2340 you reached level 6 of The Dungeons of Doom. On T:2930 you reached level 7 of The Dungeons of Doom. On T:3079 you advanced to experience level 5. On T:3474 you reached level 8 of The Dungeons of Doom. On T:3558 you advanced to experience level 6. On T:3794 you reached level 4 of Sokoban. On T:3846 you opened a magic chest. On T:4399 you reached level 3 of Sokoban. On T:4991 you reached level 2 of Sokoban. On T:6083 you reached level 1 of Sokoban. On T:6091 you advanced to experience level 7. On T:6876 you advanced to experience level 8. On T:6876 you entered the Sokoban zoo. On T:8043 you reached level 2 of The Gnomish Mines. On T:8703 you reached level 3 of The Gnomish Mines. On T:9441 you reached level 4 of The Gnomish Mines. On T:9856 you reached level 5 of The Gnomish Mines. On T:10130 you entered the Minetown temple On T:10758 you reached level 6 of The Gnomish Mines. On T:11338 you reached level 7 of The Gnomish Mines. On T:11577 you reached level 8 of The Gnomish Mines. On T:11577 you reached the bottom of the Mines. On T:14451 you reached level 9 of The Dungeons of Doom. On T:14861 you advanced to experience level 8. On T:14952 you reached level 10 of The Dungeons of Doom. On T:15643 you reached level 11 of The Dungeons of Doom. On T:15692 you reached level 12 of The Dungeons of Doom. On T:16229 you reached level 13 of The Dungeons of Doom. On T:16293 you advanced to experience level 9. On T:17087 you reached level 14 of The Dungeons of Doom. On T:17238 you reached level 15 of The Dungeons of Doom. On T:17898 you prayed to Ptah. On T:17959 you prayed to Ptah. Score breakdown: Gold: 0 ( 0 points) Experience: 9 levels ( 800 points) Exploration: 15 levels ( 420 points) Discoveries: 42 items ( 2000 points) Variety of kills: 106 monsters ( 2000 points) Major goal: Sokoban/Mines ( 1500 points) Survival: died (score multiplied by 3) Total score: 20160 Latest messages: The tiger misses. The tiger claws you! The tiger bites! You miss the tiger. The large dog bites the ogre lord. The ogre lord swings his club at you. The ogre lord hits you! The tiger claws you! The tiger misses. The tiger bites! You miss the tiger. You hit the tiger! You punch the tiger. The large dog misses the ogre lord. The ogre lord swings his club at you. The ogre lord hits you! The tiger claws you! (2x) The tiger bites! The large dog bites the ogre lord. The ogre lord swings his club at the large dog. The ogre lord misses the large dog. You begin praying to Ptah. The large dog bites the ogre lord. The ogre lord swings his club at you. The ogre lord hits you! You die... Final status: Goodbye woodfighter the Priestess, killed by an ogre lord, while praying... You died in The Dungeons of Doom on dungeon level 15 with 20160 points, and 0 pieces of gold, after 17959 moves. You were level 9 with a maximum of 82 hit points when you died.